[Event "17th Memorial Lezcano Montalvo 2025"]
[Site "Gran Canaria"]
[Date "2025.04.13"]
[Round "2.46"]
[White "Monteiro Rodrigues, Carlos"]
[Black "Oramas Medina, Miguel"]
[Result "0-1"]
[Annotator "NA"]
[ECO "C51"]
[WhiteElo "1549"]
[BlackElo "1796"]
[PlyCount "55"]
[EventDate "2025.04.13"]
[EventType "swiss"]
[EventCountry "ESP"]
[SourceTitle "playchess.com"]
[Source "ChessBase"]
[SourceQuality "1"]
[TimeControl "5400+30"]

1. e4 e5 2. Nf3 Nc6 3. Bc4 Bc5 4. b4 Bxb4 5. c3 Be7 6. d4 Na5 7. Be2 d5 8. Nxe5 dxe4 9. O-O Nf6 10. f4 O-O 11. f5 b6 12. Qe1 c5 13. Be3 Qc7 14. Qg3 Nd7 15. Bf4 Qd8 16. Nd2 Bb7 17. Rad1 Re8 18. Bh5 Nxe5 19. Bxe5 Bf6 20. Rf4 cxd4 21. Bxf6 Qxf6 22. cxd4 Qxd4+ 23. Kh1 Qf6 24. Nf1 Rad8 25. Ne3 Rxd1+ 26. Bxd1 Rd8 27. Rg4 Nc4 28. Bb3 0-1

[Event "17th Memorial Lezcano Montalvo 2025"]
[Site "Gran Canaria"]
[Date "2025.04.13"]
[Round "2.47"]
[White "Reinoso Andre, Lazaro Javier"]
[Black "Vallejo Aleman, Ricardo Manuel"]
[Result "1-0"]
[Annotator "NA"]
[ECO "D02"]
[WhiteElo "1796"]
[BlackElo "1554"]
[PlyCount "101"]
[EventDate "2025.04.13"]
[EventType "swiss"]
[EventCountry "ESP"]
[SourceTitle "playchess.com"]
[Source "ChessBase"]
[SourceQuality "1"]
[TimeControl "5400+30"]

1. d4 d5 2. Nf3 Nc6 3. e3 a6 4. c3 Bf5 5. Qb3 b6 6. Ne5 Na5 7. Qa4+ c6 8. b4 b5 9. Qxa5 Qxa5 10. bxa5 Rc8 11. Bd3 Be4 12. Bxe4 dxe4 13. Nd2 f6 14. Nxc6 Rxc6 15. Nxe4 f5 16. Nc5 e6 17. Ba3 Nf6 18. Bb4 Nd5 19. O-O Bd6 20. a4 e5 21. axb5 axb5 22. a6 O-O 23. a7 Nb6 24. Nd7 Ra8 25. Ra6 Bc7 26. d5 Rh6 27. Nxb6 Bxb6 28. d6 Bc7 29. Rfa1 Bd8 30. Ba5 Be7 31. Bc7 Bf8 32. d7 Rxa6 33. Rxa6 Be7 34. d8=Q+ Bxd8 35. Bxd8 Kf7 36. Bc7 Ke7 37. Bxe5 g6 38. Bb8 Kd7 39. Rb6 Kc8 40. Rxb5 Kd7 41. Rb7+ Kc8 42. Rxh7 Kd8 43. c4 g5 44. c5 Ke8 45. c6 Kd8 46. Rh8+ Ke7 47. c7 f4 48. c8=Q fxe3 49. Rh6 Rxb8 50. Qc7+ Kf8 51. Rh8# 1-0

[Event "17th Memorial Lezcano Montalvo 2025"]
[Site "Gran Canaria"]
[Date "2025.04.13"]
[Round "2.48"]
[White "Martin Gonzalez, Lucas"]
[Black "Basualdo De Ornelas, Jorge"]
[Result "0-1"]
[Annotator "NA"]
[ECO "C45"]
[WhiteElo "1547"]
[BlackElo "1794"]
[PlyCount "58"]
[EventDate "2025.04.13"]
[EventType "swiss"]
[EventCountry "ESP"]
[SourceTitle "playchess.com"]
[Source "ChessBase"]
[SourceQuality "1"]
[TimeControl "5400+30"]

1. e4 e5 2. Nf3 Nc6 3. d4 exd4 4. Nxd4 Nf6 5. Nxc6 bxc6 6. Bd3 d5 7. exd5 cxd5 8. O-O Be7 9. Bf4 O-O 10. Nd2 Bb7 11. Qf3 c5 12. Qg3 Nh5 13. Qh3 g6 14. Bh6 Re8 15. f4 c4 16. Be2 Bc5+ 17. Kh1 Rxe2 18. f5 d4 19. fxg6 Bxg2+ 20. Qxg2 Rxg2 21. gxf7+ Kh8 22. Kxg2 Qd5+ 23. Kh3 Qe6+ 24. Kh4 Qxh6 25. f8=Q+ Rxf8 26. Rxf8+ Bxf8 27. Nxc4 Be7+ 28. Kg4 Qg5+ 29. Kh3 Nf4# 0-1

[Event "17th Memorial Lezcano Montalvo 2025"]
[Site "Gran Canaria"]
[Date "2025.04.13"]
[Round "2.49"]
[White "Sanchez Ramirez, Gustavo"]
[Black "Gavilan Ledezma, Kevin"]
[Result "1-0"]
[Annotator "NA"]
[ECO "A30"]
[WhiteElo "1780"]
[BlackElo "1548"]
[PlyCount "91"]
[EventDate "2025.04.13"]
[EventType "swiss"]
[EventCountry "ESP"]
[SourceTitle "playchess.com"]
[Source "ChessBase"]
[SourceQuality "1"]
[TimeControl "5400+30"]

1. c4 c5 2. g3 Nf6 3. Bg2 e6 4. e4 Nc6 5. Ne2 d5 6. cxd5 exd5 7. exd5 Nxd5 8. Nbc3 Be6 9. O-O Be7 10. d4 cxd4 11. Nxd4 Nxd4 12. Qxd4 Nxc3 13. Qxc3 Bf6 14. Qf3 Qb6 15. Qxb7 Qxb7 16. Bxb7 Rb8 17. Bc6+ Ke7 18. Be3 Bxb2 19. Bc5+ Kf6 20. Rab1 Bxa2 21. Rxb2 Rxb2 22. Bd4+ Kg6 23. Bxb2 Rb8 24. Be4+ f5 25. Bxf5+ Kxf5 26. Bxg7 Rb1 27. Rxb1 Bxb1 28. f3 a5 29. Kf2 a4 30. Ke3 a3 31. h4 a2 32. g4+ Ke6 33. Kf4 Bd3 34. Kg5 Kf7 35. Bc3 Kg8 36. f4 Bg6 37. Kf6 Bd3 38. h5 Be2 39. Kf5 Kf7 40. h6 Ke7 41. g5 Bd3+ 42. Ke5 Bg6 43. f5 Bh5 44. g6 Bxg6 45. fxg6 hxg6 46. h7 1-0

[Event "17th Memorial Lezcano Montalvo 2025"]
[Site "Gran Canaria"]
[Date "2025.04.13"]
[Round "2.50"]
[White "Bernal Zelaya, Pedro Gabriel"]
[Black "Velasquez Vargas, Sebastian"]
[Result "0-1"]
[Annotator "NA"]
[ECO "C54"]
[WhiteElo "1538"]
[BlackElo "1777"]
[PlyCount "42"]
[EventDate "2025.04.13"]
[EventType "swiss"]
[EventCountry "ESP"]
[SourceTitle "playchess.com"]
[Source "ChessBase"]
[SourceQuality "1"]
[TimeControl "5400+30"]

1. e4 e5 2. Nf3 Nc6 3. Bc4 Bc5 4. c3 Nf6 5. d3 d6 6. Bb3 Ne7 7. O-O Ng6 8. Re1 O-O 9. d4 Bb6 10. Bg5 h6 11. Bh4 Bg4 12. Bg3 Nh5 13. h3 Bxf3 14. gxf3 Ngf4 15. Kh2 Qd7 16. Bxf4 Nxf4 17. Kg1 Qxh3 18. Bxf7+ Rxf7 19. Qd3 Nxd3 20. Nd2 Nf4 21. Re2 Nxe2# 0-1

[Event "17th Memorial Lezcano Montalvo 2025"]
[Site "Gran Canaria"]
[Date "2025.04.13"]
[Round "2.51"]
[White "Rossello Padron, Carlos"]
[Black "Leandro Tejera, Damian"]
[Result "1-0"]
[Annotator "NA"]
[ECO "D05"]
[WhiteElo "1776"]
[BlackElo "1546"]
[PlyCount "71"]
[EventDate "2025.04.13"]
[EventType "swiss"]
[EventCountry "ESP"]
[SourceTitle "playchess.com"]
[Source "ChessBase"]
[SourceQuality "1"]
[TimeControl "5400+30"]

1. b3 e6 2. Bb2 d5 3. e3 Nf6 4. d4 c5 5. Nf3 Nc6 6. Bb5 Bd7 7. O-O cxd4 8. Nxd4 a6 9. Be2 Bd6 10. Nd2 Nxd4 11. exd4 Rc8 12. c4 dxc4 13. Nxc4 Bb8 14. Ba3 b5 15. Nd6+ Bxd6 16. Bxd6 Ne4 17. Bb4 a5 18. Bd2 Bc6 19. Be1 b4 20. Rc1 Qb6 21. f3 Nf6 22. Bf2 Nd5 23. Bc4 O-O 24. Qd2 Rfd8 25. Rc2 Rc7 26. Rfc1 Bb7 27. Bg3 Rcc8 28. Bf2 h6 29. Re1 Nc3 30. Re5 Rd6 31. Qe1 Rcd8 32. Rd2 Bc8 33. Be3 Qc7 34. Qg3 Kf8 35. Rc5 Qa7 36. Rxc8 1-0

[Event "17th Memorial Lezcano Montalvo 2025"]
[Site "Gran Canaria"]
[Date "2025.04.13"]
[Round "2.52"]
[White "Mykhyeyev, Serafim"]
[Black "Cappelle, Cedric"]
[Result "0-1"]
[Annotator "NA"]
[ECO "B22"]
[WhiteElo "1516"]
[BlackElo "1774"]
[PlyCount "94"]
[EventDate "2025.04.13"]
[EventType "swiss"]
[EventCountry "ESP"]
[SourceTitle "playchess.com"]
[Source "ChessBase"]
[SourceQuality "1"]
[TimeControl "5400+30"]

1. e4 e6 2. d4 d5 3. exd5 exd5 4. Bd3 c5 5. c3 Nf6 6. Nf3 Bg4 7. Be3 c4 8. Bc2 b5 9. Nbd2 Nbd7 10. O-O Bd6 11. h3 Bh5 12. a4 a6 13. axb5 axb5 14. Re1 O-O 15. Rxa8 Qxa8 16. Qa1 Qc6 17. Bg5 Ra8 18. Qb1 Bg6 19. Bxf6 Bxc2 20. Qxc2 Nxf6 21. Ne5 Qc7 22. Ndf3 Ne4 23. Qe2 f6 24. Ng4 Qd7 25. Ne3 Bf8 26. Nd2 Nxd2 27. Qxd2 b4 28. Rb1 b3 29. Qd1 Qe6 30. Qf3 Rd8 31. Qf5 Qxf5 32. Nxf5 g6 33. Ne3 Bh6 34. Kf1 f5 35. Ra1 Kf7 36. Ra7+ Ke6 37. Rxh7 Bxe3 38. fxe3 Ra8 39. Rb7 Ra2 40. Rb6+ Kf7 41. Rb7+ Kf6 42. h4 Rxb2 43. Rb6+ Kg7 44. Rb5 Rc2 45. Ke1 b2 46. Rb7+ Kh6 47. Kd1 Rc1+ 0-1

[Event "17th Memorial Lezcano Montalvo 2025"]
[Site "Gran Canaria"]
[Date "2025.04.13"]
[Round "2.53"]
[White "Guerra Aleman, Marcial"]
[Black "Santana Slamova, Yassine"]
[Result "1-0"]
[Annotator "NA"]
[ECO "A00"]
[WhiteElo "1766"]
[BlackElo "1515"]
[PlyCount "84"]
[EventDate "2025.04.13"]
[EventType "swiss"]
[EventCountry "ESP"]
[SourceTitle "playchess.com"]
[Source "ChessBase"]
[SourceQuality "1"]
[TimeControl "5400+30"]

1. Nc3 e5 2. g3 Nf6 3. d3 Nc6 4. Bg2 Bb4 5. a3 Ba5 6. b4 Bb6 7. Nf3 d6 8. Bg5 Be6 9. O-O h6 10. Be3 Nd5 11. Nxd5 Bxd5 12. c4 Bxf3 13. Bxf3 Bxe3 14. fxe3 Rb8 15. Bxc6+ bxc6 16. Qa4 O-O 17. Qxc6 f5 18. d4 Qg5 19. Qf3 f4 20. Qd5+ Kh8 21. exf4 Rxf4 22. dxe5 Rxf1+ 23. Rxf1 Qe3+ 24. Rf2 Rf8 25. Qg2 dxe5 26. a4 Rxf2 27. Qxf2 Qc1+ 28. Kg2 Qxc4 29. Qf8+ Kh7 30. Qf5+ Kh8 31. Qxe5 Qxb4 32. Qe8+ Kh7 33. Kf3 Qb3+ 34. e3 Qd1+ 35. Kf4 Qd6+ 36. Qe5 Qb4+ 37. Qe4+ Qxe4+ 38. Kxe4 Kg8 39. Kd5 Kf8 40. Kc6 Ke7 41. Kxc7 Ke6 42. a5 Ke5 1-0

[Event "17th Memorial Lezcano Montalvo 2025"]
[Site "Gran Canaria"]
[Date "2025.04.13"]
[Round "2.54"]
[White "Quintana Arcila, Yaiza"]
[Black "Julien Casteleiro, Ariel"]
[Result "0-1"]
[Annotator "NA"]
[ECO "C01"]
[WhiteElo "1512"]
[BlackElo "1761"]
[PlyCount "84"]
[EventDate "2025.04.13"]
[EventType "swiss"]
[EventCountry "ESP"]
[SourceTitle "playchess.com"]
[Source "ChessBase"]
[SourceQuality "1"]
[TimeControl "5400+30"]

1. e4 e6 2. d4 d5 3. Bd3 c5 4. exd5 exd5 5. dxc5 Bxc5 6. c3 Qb6 7. Qe2+ Ne7 8. Nf3 Nbc6 9. O-O Bg4 10. b4 Bd6 11. h3 Bxf3 12. Qxf3 Ne5 13. Qe2 Nxd3 14. Qxd3 O-O 15. Bg5 f6 16. Be3 Qc7 17. Nd2 Kh8 18. Nb3 Qc4 19. Qxc4 dxc4 20. Nc5 b6 21. Ne4 Be5 22. Rac1 Rad8 23. a4 Nd5 24. Bd2 h6 25. f4 Bb8 26. g3 Rfe8 27. Rfe1 Ne7 28. Rc2 f5 29. Nf2 Nd5 30. Ra1 a6 31. b5 a5 32. Rd1 Bd6 33. Bc1 Bc5 34. Rcd2 Be3 35. Rxd5 Rxd5 36. Rxd5 Bxc1 37. Rxf5 Re3 38. Rf8+ Kh7 39. Rb8 Rxg3+ 40. Kf1 Be3 41. Ke2 Bc5 42. Ne4 Re3+ 0-1

[Event "17th Memorial Lezcano Montalvo 2025"]
[Site "Gran Canaria"]
[Date "2025.04.13"]
[Round "2.55"]
[White "Grube, Kurt"]
[Black "Sancho Quesada, Juan Pedro"]
[Result "1/2-1/2"]
[Annotator "NA"]
[ECO "A22"]
[WhiteElo "1732"]
[BlackElo "1503"]
[PlyCount "114"]
[EventDate "2025.04.13"]
[EventType "swiss"]
[EventCountry "ESP"]
[SourceTitle "playchess.com"]
[Source "ChessBase"]
[SourceQuality "1"]
[TimeControl "5400+30"]

1. c4 e5 2. Nc3 Nf6 3. Nf3 d6 4. d3 Be7 5. e3 c6 6. Be2 O-O 7. O-O Re8 8. Qc2 Bf5 9. e4 Bg4 10. Be3 Nbd7 11. d4 Bf8 12. Rad1 exd4 13. Bxd4 Qc7 14. Rfe1 c5 15. Be3 Ne5 16. Nxe5 dxe5 17. f3 Be6 18. Nd5 Nxd5 19. cxd5 Bd7 20. Rc1 b6 21. b4 Rac8 22. Ba6 Rb8 23. bxc5 bxc5 24. Bc4 Bd6 25. g3 Kf8 26. Rf1 f6 27. f4 Rb6 28. Bb3 Rc8 29. fxe5 Bxe5 30. Bxc5+ Ke8 31. Kg2 Rb7 32. Qf2 Qa5 33. Be3 Bd6 34. Rxc8+ Bxc8 35. Rc1 Bd7 36. Qe2 Bb5 37. Qg4 Bd7 38. Qh5+ g6 39. Qxh7 Qb5 40. Qxg6+ Kd8 41. Qxf6+ Be7 42. Qh8+ Be8 43. Kf2 Qd3 44. Rc8+ Kxc8 45. Qxe8+ Bd8 46. Qc6+ Rc7 47. Qa8+ Kd7 48. Ba4+ Ke7 49. Bg5+ Kf7 50. Qxd8 Qd4+ 51. Be3 Qb2+ 52. Kf3 Qe5 53. Bb3 Qh5+ 54. Kg2 Qe2+ 55. Bf2 Qxe4+ 56. Kh3 Qf5+ 57. Kg2 Qe4+ 1/2-1/2

[Event "17th Memorial Lezcano Montalvo 2025"]
[Site "Gran Canaria"]
[Date "2025.04.13"]
[Round "2.56"]
[White "Chara Erazo, Laura"]
[Black "Matos Espino, Carlos Silverio"]
[Result "0-1"]
[Annotator "NA"]
[ECO "A03"]
[WhiteElo "1500"]
[BlackElo "1731"]
[PlyCount "28"]
[EventDate "2025.04.13"]
[EventType "swiss"]
[EventCountry "ESP"]
[SourceTitle "playchess.com"]
[Source "ChessBase"]
[SourceQuality "1"]
[TimeControl "5400+30"]

1. f4 d5 2. Nf3 Nf6 3. b3 Bf5 4. Bb2 e6 5. e3 Be7 6. h3 Nbd7 7. d3 c6 8. Nbd2 Nh5 9. Rg1 Bh4+ 10. g3 Bxg3+ 11. Ke2 Qb6 12. Bg2 Nxf4+ 13. Kf1 Qxe3 14. Qe1 Bxd3+ 0-1